Sabres vs Flyers

Created - December-19-14 at 17:07

Goals
1 2 3 T
Sabres 3 0 1 4
Flyers 0 0 0 0
Shots
1 2 3 T
Sabres 15 12 17 44
Flyers 7 14 7 28

1st period

1. Sabres , Oliver Ekman-Larsson 11 (Jason Pominville) at 1:48 (PP)
2. Sabres , Kyle Turris 14 (Jason Pominville, Thomas Vanek) at 6:38
3. Sabres , Kyle Turris 15 (Oliver Ekman-Larsson) at 16:50

Penalties :
Ryan Ellis (PHI) for Holding (Minor) at 0:21, Ryan Ellis (PHI) for Holding (Minor) at 2:05, Brayden Schenn (BUF) for Hooking (Minor) at 8:28, Daniel Sedin (PHI) for Hooking (Minor) at 13:55

2nd period

No Goal

Penalties :
Braydon Coburn (BUF) for Hooking (Minor) at 0:55, Brian Gibbons (PHI) for Hooking (Minor) at 7:15, Gabriel Bourque (PHI) for Tripping (Minor) at 12:50, Brad Stuart (BUF) for Hooking (Minor) at 15:09, Brad Stuart (BUF) for Checking from behind (Major / Game Misconduct) at 17:10

3rd period

4. Sabres , Thomas Vanek 14 (Oliver Ekman-Larsson, Jason Pominville) at 17:01

Penalties :
Mike Santorelli (PHI) for Slashing (Minor) at 3:19, Kyle Okposo (PHI) for Hooking (Minor) at 9:54, Nino Niederreiter (BUF) for Tripping (Minor) at 14:24

Goalie Stats

Ondrej Pavelec (BUF), 28 saves from 28 shots - (1.000), W, 16-8-1, 60:00 minutes
Frederik Andersen (PHI), 40 saves from 44 shots - (0.909), L, 10-8-1, 60:00 minutes

Players Stats for Sabres

Player Name              G  A  P  +/- PIM S  H  SB GA TA FO     MP     PP MP  PK MP  
------------------------------------------------------------------------------------
Brad Boyes               0  0  0   0  0   0  0  0  0  0  1/1    18:24   0:31   4:04 
Brad Stuart              0  0  0   0  17  1  1  1  0  0  0/0     7:18   0:00   1:40 
Brayden Schenn           0  0  0   0  2   3  1  0  0  0  1/1    15:46   7:09   0:00 
Braydon Coburn           0  0  0   0  2   2  1  2  0  0  0/0    15:51   6:36   0:00 
Daniel Winnik            0  0  0   0  0   0  0  0  0  0  0/0    14:02   0:00   8:51 
Eric Gelinas             0  0  0   1  0   1  1  0  0  0  0/0     3:52   0:00   0:07 
Francois Beauchemin      0  0  0   2  0   4  0  0  0  0  0/0    27:45   6:45   5:57 
Jason Pominville         0  3  3   3  0   8  2  0  0  0  1/1    20:57   6:12   0:00 
Johnny Oduya             0  0  0   0  0   0  0  0  0  0  0/0    12:39   0:00   4:10 
Jordan Staal             0  0  0   0  0   2  1  0  0  0  21/34  19:51   7:09   4:04 
Josh Gorges              0  0  0   0  0   5  3  2  0  0  0/0    22:50   6:36   6:58 
Kyle Turris              2  0  2   3  0   7  1  0  0  0  16/31  20:57   6:12   0:00 
Nino Niederreiter        0  0  0   0  2   1  0  0  0  0  0/2    11:47   6:38   0:00 
Oliver Ekman-Larsson     1  2  3   3  0   6  1  1  0  0  0/0    29:42   6:45   6:58 
Paul Byron               0  0  0   0  0   2  0  0  0  0  0/0     5:10   0:00   0:00 
Paul Gaustad             0  0  0   0  0   0  1  0  0  0  12/29  14:01   0:00   8:51 
Thomas Vanek             1  1  2   3  0   2  1  1  0  0  2/5    20:57   6:12   0:00 
Tom Pyatt                0  0  0   0  0   0  1  0  0  0  1/3     5:11   0:00   0:00 

Players Stats for Flyers

Player Name              G  A  P  +/- PIM S  H  SB GA TA FO     MP     PP MP  PK MP  
------------------------------------------------------------------------------------
Brian Gibbons            0  0  0  -1  2   0  0  0  0  0  15/27  13:45   0:00   7:14 
Carlo Colaiacovo         0  0  0   0  0   0  0  0  0  0  0/0     0:00   0:00   0:00 
Damien Brunner           0  0  0   0  0   0  0  0  0  0  2/5     2:42   0:00   2:00 
Dan Boyle                0  0  0   0  0   3  1  1  0  0  0/0    29:53   6:43   6:13 
Daniel Sedin             0  0  0  -1  2   4  0  0  0  0  4/10   25:09   6:47   3:39 
Gabriel Bourque          0  0  0  -1  2   1  0  1  0  0  0/0     7:10   0:00   0:39 
Jack Skille              0  0  0   0  0   0  0  0  0  0  0/0     0:42   0:00   0:00 
Kyle Brodziak            0  0  0  -1  0   2  1  0  0  0  0/0    18:36   6:08   0:00 
Kyle Okposo              0  0  0  -1  2   8  0  0  0  0  18/33  20:48   6:47   0:00 
Marek Zidlicky           0  0  0  -3  0   2  0  2  0  0  0/0    29:46   6:03   7:05 
Mark Fistric             0  0  0   0  0   0  1  1  0  0  0/0     7:01   0:00   4:05 
Mike Ribeiro             0  0  0  -1  0   2  2  2  0  0  13/29  19:04   6:08   0:28 
Mike Santorelli          0  0  0  -1  2   4  1  0  0  0  0/2    22:13   6:08   3:38 
Nathan Gerbe             0  0  0  -1  0   0  2  0  0  0  0/0    15:36   0:00   9:04 
Olli Jokinen             0  0  0  -1  0   0  4  0  0  0  0/1    20:49   6:47   0:00 
Philip Larsen            0  0  0  -1  0   0  0  0  0  0  0/0     7:29   0:09   0:00 
Ryan Ellis               0  0  0   0  4   2  0  0  0  0  0/0    21:03   6:52   0:03 
Tom Gilbert              0  0  0  -2  0   0  2  1  0  0  0/0    24:46   6:03   9:16 

3 Stars

1 - Ondrej Pavelec (BUF)
2 - Oliver Ekman-Larsson (BUF)
3 - Kyle Turris (BUF)

Power Play

Sabres - 1 on 7 Attempt(s) - 14.29%
Flyers - 0 on 5 Attempt(s) - 0.00%

Penalty Kill

Sabres - 5 on 5 Attempt(s) - 100.00% - Score 0 goal in Penalty Kill
Flyers - 6 on 7 Attempt(s) - 85.71% - Score 0 goal in Penalty Kill

Team Stat

Sabres - Hits : 15 - Faceoff Wins : 55 - Blocked Shots : 7 - Penalty Minutes : 23
Flyers - Hits : 14 - Faceoff Wins : 52 - Blocked Shots : 8 - Penalty Minutes : 14

Official

Referees : Gord Dwyer and Mike Leggo
Linesman : Shane Heyer and Ryan Galloway

Game Notes

Brad Stuart ejected from game at 17:10 of 2nd period

Finance

Level 1 -- Attendance: 5624 (86.52%) -- Ticket Income $590,520
Level 2 -- Attendance: 5000 (100.00%) -- Ticket Income $340,000
Level 3 -- Attendance: 3500 (100.00%) -- Ticket Income $122,500
Level 4 -- Attendance: 2905 (82.13%) -- Ticket Income $55,195
Luxury Box -- Attendance: 955 (95.50%) -- Ticket Income $181,450
Game was played at the Wells Fargo Center'
Total Attendance: 17984 (92.05%)
Total Ticket Income: $1,289,665
Other Income: $193,450
Total Income: $1,483,115

% Time on Ice - Sabres

Lines # - Real PCT - Wanted PCT - Time Play
Normal Forward
1 - 44% - 40% - 14:45
2 - 26% - 30% - 8:38
3 - 15% - 20% - 5:10
4 - 15% - 10% - 5:11
Normal Defense
1 - 45% - 40% - 15:03
2 - 27% - 30% - 9:16
3 - 25% - 20% - 8:29
4 - 3% - 10% - 0:56
PP Forward
1 - 46% - 60% - 6:12
2 - 54% - 40% - 7:09
PP Defense
1 - 51% - 60% - 6:45
2 - 49% - 40% - 6:36
PK Forward
1 - 69% - 60% - 8:51
2 - 31% - 40% - 4:04
PK Defense
1 - 46% - 60% - 5:57
2 - 54% - 40% - 6:58
PK3 Forward
1 - 0% - 60%
2 - 0% - 40%
PK3 Defense
1 - 0% - 60%
2 - 0% - 40%
44 Forward
1 - 0% - 60%
2 - 0% - 40%
44 Defense
1 - 0% - 60%
2 - 0% - 40%
Last Minute Offensive  - 0:00
Last Minute Defensive  - 0:00
Total
Forward - 60:00
Defense - 60:00

% Time on Ice - Flyers

Lines # - Real PCT - Wanted PCT - Time Play
Normal Forward
1 - 42% - 40% - 14:02
2 - 37% - 35% - 12:28
3 - 19% - 20% - 6:32
4 - 2% - 5% - 0:42
Normal Defense
1 - 42% - 45% - 14:10
2 - 28% - 30% - 9:27
3 - 22% - 20% - 7:20
4 - 8% - 5% - 2:47
PP Forward
1 - 53% - 60% - 6:47
2 - 47% - 40% - 6:08
PP Defense
1 - 53% - 60% - 6:52
2 - 47% - 40% - 6:03
PK Forward
1 - 68% - 60% - 9:08
2 - 32% - 40% - 4:13
PK Defense
1 - 53% - 60% - 7:08
2 - 47% - 40% - 6:13
PK3 Forward
1 - 0% - 60%
2 - 0% - 40%
PK3 Defense
1 - 0% - 60%
2 - 0% - 40%
44 Forward
1 - 0% - 60%
2 - 0% - 40%
44 Defense
1 - 0% - 60%
2 - 0% - 40%
Last Minute Offensive  - 0:00
Last Minute Defensive  - 0:00
Total
Forward - 60:00
Defense - 60:00

Play by Play

1st period


0:01 of 1st period - Thomas Vanek wins face-off versus Kyle Okposo in neutral zone.
0:17 of 1st period - Thomas Vanek is hit by Dan Boyle and loses puck.
0:21 of 1st period - Minor Penalty to Ryan Ellis for Holding.
0:22 of 1st period - Brian Gibbons wins face-off versus Jordan Staal in Flyers zone.
0:22 of 1st period - Brian Gibbons is hit by Brayden Schenn.
0:40 of 1st period - Jordan Staal is hit by Mike Santorelli and loses puck.
0:51 of 1st period - Shot by Daniel Sedin.
0:51 of 1st period - Shot Blocked by Josh Gorges.
1:43 of 1st period - Marek Zidlicky is hit by Kyle Turris and loses puck.
1:48 of 1st period - Shot by Oliver Ekman-Larsson.
1:48 of 1st period - Goal by Oliver Ekman-Larsson - Sabres : 1 - Flyers : 0.
1:49 of 1st period - Mike Ribeiro wins face-off versus Tom Pyatt in neutral zone.
2:02 of 1st period - Shot by Brad Stuart.
2:02 of 1st period - Shot Blocked by Dan Boyle.
2:04 of 1st period - Shot by Brad Stuart.
2:04 of 1st period - Shot Blocked by Mike Ribeiro.
2:05 of 1st period - Minor Penalty to Ryan Ellis for Holding.
2:06 of 1st period - Kyle Turris wins face-off versus Brian Gibbons in Flyers zone.
2:07 of 1st period - Shot by Jason Pominville.
2:07 of 1st period - Shot Misses the Net.
2:09 of 1st period - Shot by Jason Pominville.
2:09 of 1st period - Stopped by Frederik Andersen without a rebound.
2:10 of 1st period - Brian Gibbons wins face-off versus Kyle Turris in Flyers zone.
2:31 of 1st period - Shot by Kyle Turris.
2:31 of 1st period - Stopped by Frederik Andersen with a rebound.
2:46 of 1st period - Icing by Kyle Turris.
2:47 of 1st period - Kyle Turris wins face-off versus Daniel Sedin in Sabres zone.
2:54 of 1st period - Dan Boyle is hit by Jason Pominville.
3:58 of 1st period - Shot by Brayden Schenn.
3:58 of 1st period - Stopped by Frederik Andersen with a rebound.
4:00 of 1st period - Shot by Jordan Staal.
4:00 of 1st period - Shot Misses the Net.
4:02 of 1st period - Shot by Braydon Coburn.
4:02 of 1st period - Stopped by Frederik Andersen with a rebound.
4:04 of 1st period - Shot by Josh Gorges.
4:04 of 1st period - Stopped by Frederik Andersen with a rebound.
5:02 of 1st period - Shot by Kyle Okposo.
5:02 of 1st period - Shot Misses the Net.
5:31 of 1st period - Daniel Sedin is hit by Braydon Coburn and loses puck.
6:36 of 1st period - Shot by Kyle Turris.
6:36 of 1st period - Shot Misses the Net.
6:38 of 1st period - Shot by Kyle Turris.
6:38 of 1st period - Goal by Kyle Turris - Sabres : 2 - Flyers : 0.
6:39 of 1st period - Brian Gibbons wins face-off versus Jordan Staal in neutral zone.
6:47 of 1st period - Icing by Oliver Ekman-Larsson.
6:48 of 1st period - Jordan Staal wins face-off versus Brian Gibbons in Sabres zone.
6:56 of 1st period - Icing by Marek Zidlicky.
6:57 of 1st period - Brian Gibbons wins face-off versus Kyle Turris in Flyers zone.
6:59 of 1st period - Icing by Nathan Gerbe.
7:00 of 1st period - Kyle Turris wins face-off versus Brian Gibbons in Flyers zone.
7:09 of 1st period - Shot by Jason Pominville.
7:09 of 1st period - Shot Misses the Net.
7:21 of 1st period - Shot by Jason Pominville.
7:21 of 1st period - Stopped by Frederik Andersen without a rebound.
7:22 of 1st period - Jordan Staal wins face-off versus Mike Ribeiro in Flyers zone.
7:31 of 1st period - Shot by Mike Santorelli.
7:31 of 1st period - Stopped by Ondrej Pavelec without a rebound.
7:32 of 1st period - Kyle Turris wins face-off versus Kyle Okposo in Sabres zone.
8:28 of 1st period - Minor Penalty to Brayden Schenn for Hooking.
8:29 of 1st period - Mike Ribeiro wins face-off versus Paul Gaustad in Sabres zone.
9:09 of 1st period - Shot by Mike Ribeiro.
9:09 of 1st period - Stopped by Ondrej Pavelec without a rebound.
9:10 of 1st period - Jordan Staal wins face-off versus Kyle Okposo in Sabres zone.
9:16 of 1st period - Icing by Daniel Sedin.
9:17 of 1st period - Kyle Okposo wins face-off versus Paul Gaustad in Flyers zone.
9:34 of 1st period - Shot by Dan Boyle.
9:34 of 1st period - Stopped by Ondrej Pavelec without a rebound.
9:35 of 1st period - Paul Gaustad wins face-off versus Mike Ribeiro in Sabres zone.
9:56 of 1st period - Shot by Marek Zidlicky.
9:56 of 1st period - Shot Hit the Post.
9:58 of 1st period - Shot by Marek Zidlicky.
9:58 of 1st period - Stopped by Ondrej Pavelec without a rebound.
9:59 of 1st period - Jordan Staal wins face-off versus Kyle Okposo in Sabres zone.
9:59 of 1st period - Jordan Staal is hit by Olli Jokinen.
10:21 of 1st period - Shot by Dan Boyle.
10:21 of 1st period - Shot Misses the Net.
10:23 of 1st period - Shot by Kyle Okposo.
10:23 of 1st period - Stopped by Ondrej Pavelec without a rebound.
10:24 of 1st period - Mike Ribeiro wins face-off versus Paul Gaustad in Sabres zone.
10:56 of 1st period - Shot by Gabriel Bourque.
10:56 of 1st period - Shot Misses the Net.
11:21 of 1st period - Off-side.
11:22 of 1st period - Jordan Staal wins face-off versus Mike Ribeiro in neutral zone.
11:53 of 1st period - Shot by Mike Santorelli.
11:53 of 1st period - Stopped by Ondrej Pavelec without a rebound.
11:54 of 1st period - Kyle Okposo wins face-off versus Paul Gaustad in Sabres zone.
12:13 of 1st period - Shot by Brad Stuart.
12:13 of 1st period - Stopped by Frederik Andersen without a rebound.
12:14 of 1st period - Brian Gibbons wins face-off versus Kyle Turris in Flyers zone.
12:33 of 1st period - Shot by Thomas Vanek.
12:33 of 1st period - Stopped by Frederik Andersen without a rebound.
12:34 of 1st period - Jordan Staal wins face-off versus Mike Ribeiro in Flyers zone.
13:00 of 1st period - Shot by Brayden Schenn.
13:00 of 1st period - Shot Misses the Net.
13:41 of 1st period - Shot by Kyle Turris.
13:41 of 1st period - Deflect By Thomas Vanek.
13:41 of 1st period - Shot Blocked by Marek Zidlicky.
13:43 of 1st period - Shot by Francois Beauchemin.
13:43 of 1st period - Shot Misses the Net.
13:45 of 1st period - Shot by Oliver Ekman-Larsson.
13:45 of 1st period - Stopped by Frederik Andersen without a rebound.
13:46 of 1st period - Kyle Okposo wins face-off versus Paul Gaustad in Flyers zone.
13:46 of 1st period - Kyle Okposo is hit by Paul Gaustad.
13:55 of 1st period - Minor Penalty to Daniel Sedin for Hooking.
13:56 of 1st period - Jason Pominville wins face-off versus Brian Gibbons in Flyers zone.
13:56 of 1st period - Jason Pominville is hit by Tom Gilbert.
14:13 of 1st period - Icing by Kyle Turris.
14:14 of 1st period - Brian Gibbons wins face-off versus Thomas Vanek in Sabres zone.
14:27 of 1st period - Shot by Kyle Turris.
14:27 of 1st period - Shot Misses the Net.
14:29 of 1st period - Shot by Jason Pominville.
14:29 of 1st period - Shot Misses the Net.
14:31 of 1st period - Shot by Francois Beauchemin.
14:31 of 1st period - Stopped by Frederik Andersen with a rebound.
14:41 of 1st period - Shot by Jason Pominville.
14:41 of 1st period - Stopped by Frederik Andersen with a rebound.
14:43 of 1st period - Shot by Francois Beauchemin.
14:43 of 1st period - Stopped by Frederik Andersen without a rebound.
14:44 of 1st period - Brian Gibbons wins face-off versus Jordan Staal in Flyers zone.
15:18 of 1st period - Icing by Nino Niederreiter.
15:19 of 1st period - Damien Brunner wins face-off versus Nino Niederreiter in Sabres zone.
16:50 of 1st period - Shot by Kyle Turris.
16:50 of 1st period - Goal by Kyle Turris - Sabres : 3 - Flyers : 0.
16:51 of 1st period - Kyle Turris wins face-off versus Mike Ribeiro in neutral zone.
17:14 of 1st period - Icing by Ryan Ellis.
17:15 of 1st period - Mike Ribeiro wins face-off versus Paul Gaustad in Flyers zone.
18:04 of 1st period - Off-side.
18:05 of 1st period - Brad Boyes wins face-off versus Kyle Okposo in neutral zone.
18:16 of 1st period - Shot by Jordan Staal.
18:16 of 1st period - Shot Misses the Net.
19:10 of 1st period - Icing by Mark Fistric.
19:11 of 1st period - Brian Gibbons wins face-off versus Thomas Vanek in Flyers zone.
19:19 of 1st period - Shot by Gabriel Bourque.
19:19 of 1st period - Stopped by Ondrej Pavelec without a rebound.
19:20 of 1st period - Mike Ribeiro wins face-off versus Kyle Turris in Sabres zone.
19:27 of 1st period - Shot by Mike Santorelli.
19:27 of 1st period - Shot Misses the Net.
19:30 of 1st period - Icing by Josh Gorges.
19:31 of 1st period - Kyle Turris wins face-off versus Brian Gibbons in Sabres zone.
19:35 of 1st period - Off-side.
19:36 of 1st period - Kyle Okposo wins face-off versus Kyle Turris in neutral zone.
Goals for this period are 3 for Sabres vs 0 for Flyers.
Shots for this period are 15 for Sabres vs 7 for Flyers.

2nd period


0:01 of 2nd period - Jordan Staal wins face-off versus Kyle Okposo in neutral zone.
0:20 of 2nd period - Shot by Daniel Sedin.
0:20 of 2nd period - Shot Blocked by Oliver Ekman-Larsson.
0:22 of 2nd period - Shot by Kyle Okposo.
0:22 of 2nd period - Stopped by Ondrej Pavelec without a rebound.
0:23 of 2nd period - Kyle Turris wins face-off versus Mike Ribeiro in Sabres zone.
0:32 of 2nd period - Shot by Thomas Vanek.
0:32 of 2nd period - Shot Blocked by Tom Gilbert.
0:40 of 2nd period - Shot by Jason Pominville.
0:40 of 2nd period - Stopped by Frederik Andersen with a rebound.
0:50 of 2nd period - Shot by Mike Santorelli.
0:50 of 2nd period - Shot Misses the Net.
0:52 of 2nd period - Shot by Mike Ribeiro.
0:52 of 2nd period - Shot Misses the Net.
0:54 of 2nd period - Shot by Mike Ribeiro.
0:54 of 2nd period - Shot Blocked by Braydon Coburn.
0:55 of 2nd period - Minor Penalty to Braydon Coburn for Hooking.
0:56 of 2nd period - Kyle Okposo wins face-off versus Paul Gaustad in Sabres zone.
0:59 of 2nd period - Shot by Ryan Ellis.
0:59 of 2nd period - Stopped by Ondrej Pavelec without a rebound.
1:00 of 2nd period - Kyle Okposo wins face-off versus Paul Gaustad in Sabres zone.
1:07 of 2nd period - Shot by Kyle Okposo.
1:07 of 2nd period - Stopped by Ondrej Pavelec without a rebound.
1:08 of 2nd period - Kyle Okposo wins face-off versus Paul Gaustad in Sabres zone.
1:09 of 2nd period - Shot by Dan Boyle.
1:09 of 2nd period - Stopped by Ondrej Pavelec without a rebound.
1:10 of 2nd period - Paul Gaustad wins face-off versus Kyle Okposo in Sabres zone.
1:35 of 2nd period - Shot by Ryan Ellis.
1:35 of 2nd period - Stopped by Ondrej Pavelec with a rebound.
1:37 of 2nd period - Shot by Daniel Sedin.
1:37 of 2nd period - Stopped by Ondrej Pavelec without a rebound.
1:38 of 2nd period - Paul Gaustad wins face-off versus Mike Ribeiro in Sabres zone.
1:47 of 2nd period - Francois Beauchemin is hit by Mike Ribeiro and loses puck.
2:41 of 2nd period - Icing by Dan Boyle.
2:42 of 2nd period - Kyle Okposo wins face-off versus Jordan Staal in Flyers zone.
3:29 of 2nd period - Shot by Thomas Vanek.
3:29 of 2nd period - Shot Blocked by Gabriel Bourque.
3:52 of 2nd period - Icing by Thomas Vanek.
3:53 of 2nd period - Kyle Turris wins face-off versus Kyle Okposo in Sabres zone.
4:27 of 2nd period - Off-side.
4:28 of 2nd period - Paul Gaustad wins face-off versus Mike Ribeiro in neutral zone.
4:38 of 2nd period - Shot by Paul Byron.
4:38 of 2nd period - Stopped by Frederik Andersen without a rebound.
4:39 of 2nd period - Jordan Staal wins face-off versus Mike Ribeiro in Flyers zone.
4:44 of 2nd period - Shot by Brayden Schenn.
4:44 of 2nd period - Stopped by Frederik Andersen with a rebound.
4:54 of 2nd period - Shot by Kyle Brodziak.
4:54 of 2nd period - Stopped by Ondrej Pavelec with a rebound.
4:56 of 2nd period - Shot by Marek Zidlicky.
4:56 of 2nd period - Shot Misses the Net.
4:58 of 2nd period - Shot by Marek Zidlicky.
4:58 of 2nd period - Stopped by Ondrej Pavelec without a rebound.
4:59 of 2nd period - Kyle Okposo wins face-off versus Kyle Turris in Sabres zone.
5:24 of 2nd period - Shot by Jason Pominville.
5:24 of 2nd period - Shot Misses the Net.
5:43 of 2nd period - Shot by Kyle Turris.
5:43 of 2nd period - Stopped by Frederik Andersen without a rebound.
5:44 of 2nd period - Jordan Staal wins face-off versus Mike Ribeiro in Flyers zone.
5:47 of 2nd period - Shot by Brad Boyes.
5:47 of 2nd period - Deflect By Jordan Staal.
5:47 of 2nd period - Stopped by Frederik Andersen without a rebound.
5:48 of 2nd period - Jordan Staal wins face-off versus Mike Ribeiro in Flyers zone.
6:46 of 2nd period - Icing by Francois Beauchemin.
6:47 of 2nd period - Kyle Okposo wins face-off versus Jordan Staal in Sabres zone.
6:58 of 2nd period - Shot by Kyle Okposo.
6:58 of 2nd period - Deflect By Daniel Sedin.
6:58 of 2nd period - Stopped by Ondrej Pavelec without a rebound.
6:59 of 2nd period - Kyle Turris wins face-off versus Brian Gibbons in Sabres zone.
7:15 of 2nd period - Minor Penalty to Brian Gibbons for Hooking.
7:16 of 2nd period - Damien Brunner wins face-off versus Kyle Turris in Flyers zone.
7:22 of 2nd period - Icing by Braydon Coburn.
7:23 of 2nd period - Thomas Vanek wins face-off versus Damien Brunner in Sabres zone.
7:32 of 2nd period - Shot by Braydon Coburn.
7:32 of 2nd period - Stopped by Frederik Andersen without a rebound.
7:33 of 2nd period - Kyle Turris wins face-off versus Damien Brunner in Flyers zone.
8:31 of 2nd period - Shot by Josh Gorges.
8:31 of 2nd period - Shot Misses the Net.
8:33 of 2nd period - Shot by Jordan Staal.
8:33 of 2nd period - Stopped by Frederik Andersen with a rebound.
8:35 of 2nd period - Shot by Braydon Coburn.
8:35 of 2nd period - Shot Misses the Net.
8:37 of 2nd period - Shot by Josh Gorges.
8:37 of 2nd period - Stopped by Frederik Andersen without a rebound.
8:38 of 2nd period - Daniel Sedin wins face-off versus Jordan Staal in Flyers zone.
9:07 of 2nd period - Shot by Braydon Coburn.
9:07 of 2nd period - Shot Blocked by Mike Ribeiro.
9:09 of 2nd period - Shot by Josh Gorges.
9:09 of 2nd period - Stopped by Frederik Andersen without a rebound.
9:10 of 2nd period - Kyle Turris wins face-off versus Damien Brunner in Flyers zone.
9:52 of 2nd period - Olli Jokinen is hit by Brad Stuart and loses puck.
10:06 of 2nd period - Icing by Brad Stuart.
10:07 of 2nd period - Mike Ribeiro wins face-off versus Tom Pyatt in Sabres zone.
10:14 of 2nd period - Shot by Mike Santorelli.
10:14 of 2nd period - Shot Blocked by Brad Stuart.
10:29 of 2nd period - Icing by Philip Larsen.
10:30 of 2nd period - Kyle Turris wins face-off versus Mike Ribeiro in Flyers zone.
10:35 of 2nd period - Shot by Thomas Vanek.
10:35 of 2nd period - Shot Misses the Net.
11:13 of 2nd period - Shot by Kyle Okposo.
11:13 of 2nd period - Shot Misses the Net.
12:50 of 2nd period - Minor Penalty to Gabriel Bourque for Tripping.
12:51 of 2nd period - Jordan Staal wins face-off versus Brian Gibbons in Flyers zone.
13:21 of 2nd period - Shot by Oliver Ekman-Larsson.
13:21 of 2nd period - Stopped by Frederik Andersen without a rebound.
13:22 of 2nd period - Brian Gibbons wins face-off versus Kyle Turris in Flyers zone.
13:49 of 2nd period - Shot by Kyle Turris.
13:49 of 2nd period - Stopped by Frederik Andersen without a rebound.
13:50 of 2nd period - Brian Gibbons wins face-off versus Nino Niederreiter in Flyers zone.
14:07 of 2nd period - Shot by Oliver Ekman-Larsson.
14:07 of 2nd period - Stopped by Frederik Andersen with a rebound.
14:38 of 2nd period - Icing by Nino Niederreiter.
14:39 of 2nd period - Jordan Staal wins face-off versus Daniel Sedin in Sabres zone.
15:09 of 2nd period - Minor Penalty to Brad Stuart for Hooking.
15:10 of 2nd period - Paul Gaustad wins face-off versus Olli Jokinen in Sabres zone.
15:10 of 2nd period - Paul Gaustad is hit by Olli Jokinen.
15:42 of 2nd period - Kyle Okposo is hit by Josh Gorges.
16:10 of 2nd period - Icing by Mike Ribeiro.
16:11 of 2nd period - Mike Ribeiro wins face-off versus Paul Gaustad in Flyers zone.
16:59 of 2nd period - Off-side.
17:00 of 2nd period - Kyle Okposo wins face-off versus Paul Gaustad in neutral zone.
17:07 of 2nd period - Shot by Kyle Okposo.
17:07 of 2nd period - Stopped by Ondrej Pavelec with a rebound.
17:09 of 2nd period - Shot by Daniel Sedin.
17:09 of 2nd period - Shot Blocked by Thomas Vanek.
17:10 of 2nd period - Major / Game Misconduct Penalty to Brad Stuart for Checking from behind.
17:10 of 2nd period - Brad Stuart is ejected from game.
17:11 of 2nd period - Daniel Sedin wins face-off versus Jordan Staal in Sabres zone.
17:37 of 2nd period - Shot by Daniel Sedin.
17:37 of 2nd period - Stopped by Ondrej Pavelec without a rebound.
17:38 of 2nd period - Jordan Staal wins face-off versus Mike Ribeiro in Sabres zone.
17:50 of 2nd period - Off-side.
17:51 of 2nd period - Kyle Okposo wins face-off versus Paul Gaustad in neutral zone.
17:53 of 2nd period - Marek Zidlicky is hit by Oliver Ekman-Larsson and loses puck.
18:10 of 2nd period - Shot by Daniel Sedin.
18:10 of 2nd period - Stopped by Ondrej Pavelec without a rebound.
18:11 of 2nd period - Mike Ribeiro wins face-off versus Paul Gaustad in Sabres zone.
18:46 of 2nd period - Shot by Dan Boyle.
18:46 of 2nd period - Stopped by Ondrej Pavelec without a rebound.
18:47 of 2nd period - Kyle Okposo wins face-off versus Jordan Staal in Sabres zone.
18:47 of 2nd period - Kyle Okposo is hit by Josh Gorges.
19:28 of 2nd period - Shot by Kyle Okposo.
19:28 of 2nd period - Stopped by Ondrej Pavelec without a rebound.
19:29 of 2nd period - Paul Gaustad wins face-off versus Mike Santorelli in Sabres zone.
Goals for this period are 0 for Sabres vs 0 for Flyers.
Shots for this period are 12 for Sabres vs 14 for Flyers.

3rd period


0:01 of 3rd period - Paul Gaustad wins face-off versus Kyle Okposo in neutral zone.
0:01 of 3rd period - Francois Beauchemin is hit by Olli Jokinen.
0:31 of 3rd period - Shot by Kyle Okposo.
0:31 of 3rd period - Stopped by Ondrej Pavelec without a rebound.
0:32 of 3rd period - Paul Gaustad wins face-off versus Mike Ribeiro in Sabres zone.
0:32 of 3rd period - Paul Gaustad is hit by Mike Ribeiro.
1:32 of 3rd period - Off-side.
1:33 of 3rd period - Jordan Staal wins face-off versus Kyle Okposo in neutral zone.
1:43 of 3rd period - Ryan Ellis is hit by Josh Gorges and loses puck.
2:19 of 3rd period - Brian Gibbons is hit by Thomas Vanek and loses puck.
2:34 of 3rd period - Shot by Jason Pominville.
2:34 of 3rd period - Stopped by Frederik Andersen without a rebound.
2:35 of 3rd period - Jordan Staal wins face-off versus Daniel Sedin in Flyers zone.
3:19 of 3rd period - Minor Penalty to Mike Santorelli for Slashing.
3:20 of 3rd period - Brian Gibbons wins face-off versus Kyle Turris in Flyers zone.
3:43 of 3rd period - Shot by Josh Gorges.
3:43 of 3rd period - Stopped by Frederik Andersen without a rebound.
3:44 of 3rd period - Jordan Staal wins face-off versus Brian Gibbons in Flyers zone.
3:49 of 3rd period - Shot by Brayden Schenn.
3:49 of 3rd period - Shot Hit the Post.
3:51 of 3rd period - Shot by Nino Niederreiter.
3:51 of 3rd period - Stopped by Frederik Andersen without a rebound.
3:52 of 3rd period - Brian Gibbons wins face-off versus Kyle Turris in Flyers zone.
4:13 of 3rd period - Shot by Jason Pominville.
4:13 of 3rd period - Stopped by Frederik Andersen without a rebound.
4:14 of 3rd period - Daniel Sedin wins face-off versus Jordan Staal in Flyers zone.
4:37 of 3rd period - Icing by Oliver Ekman-Larsson.
4:38 of 3rd period - Jordan Staal wins face-off versus Daniel Sedin in Sabres zone.
4:59 of 3rd period - Shot by Jordan Staal.
4:59 of 3rd period - Shot Misses the Net.
5:01 of 3rd period - Shot by Francois Beauchemin.
5:01 of 3rd period - Stopped by Frederik Andersen without a rebound.
5:02 of 3rd period - Kyle Turris wins face-off versus Brian Gibbons in Flyers zone.
5:02 of 3rd period - Jason Pominville is hit by Mark Fistric.
5:08 of 3rd period - Shot by Braydon Coburn.
5:08 of 3rd period - Shot Blocked by Mark Fistric.
5:10 of 3rd period - Shot by Kyle Turris.
5:10 of 3rd period - Stopped by Frederik Andersen without a rebound.
5:11 of 3rd period - Kyle Turris wins face-off versus Brian Gibbons in Flyers zone.
5:12 of 3rd period - Shot by Josh Gorges.
5:12 of 3rd period - Stopped by Frederik Andersen with a rebound.
5:14 of 3rd period - Shot by Kyle Turris.
5:14 of 3rd period - Shot Misses the Net.
5:23 of 3rd period - Icing by Dan Boyle.
5:24 of 3rd period - Kyle Okposo wins face-off versus Kyle Turris in Flyers zone.
5:29 of 3rd period - Shot by Daniel Sedin.
5:29 of 3rd period - Shot Misses the Net.
5:39 of 3rd period - Shot by Jason Pominville.
5:39 of 3rd period - Stopped by Frederik Andersen without a rebound.
5:40 of 3rd period - Jordan Staal wins face-off versus Mike Ribeiro in Flyers zone.
5:55 of 3rd period - Shot by Brayden Schenn.
5:55 of 3rd period - Stopped by Frederik Andersen without a rebound.
5:56 of 3rd period - Kyle Okposo wins face-off versus Kyle Turris in Flyers zone.
6:08 of 3rd period - Icing by Francois Beauchemin.
6:09 of 3rd period - Mike Ribeiro wins face-off versus Thomas Vanek in Sabres zone.
6:16 of 3rd period - Shot by Kyle Brodziak.
6:16 of 3rd period - Shot Misses the Net.
6:34 of 3rd period - Shot by Kyle Turris.
6:34 of 3rd period - Shot Hit the Post.
7:15 of 3rd period - Off-side.
7:16 of 3rd period - Brian Gibbons wins face-off versus Jordan Staal in neutral zone.
7:24 of 3rd period - Icing by Josh Gorges.
7:25 of 3rd period - Brayden Schenn wins face-off versus Kyle Okposo in Sabres zone.
7:25 of 3rd period - Braydon Coburn is hit by Olli Jokinen and loses puck.
7:45 of 3rd period - Shot by Kyle Okposo.
7:45 of 3rd period - Stopped by Ondrej Pavelec without a rebound.
7:46 of 3rd period - Mike Ribeiro wins face-off versus Paul Gaustad in Sabres zone.
7:46 of 3rd period - Mike Ribeiro is hit by Eric Gelinas.
7:56 of 3rd period - Paul Byron is hit by Kyle Brodziak and loses puck.
8:00 of 3rd period - Icing by Johnny Oduya.
8:01 of 3rd period - Kyle Okposo wins face-off versus Paul Gaustad in Sabres zone.
8:30 of 3rd period - Shot by Paul Byron.
8:30 of 3rd period - Stopped by Frederik Andersen without a rebound.
8:31 of 3rd period - Mike Ribeiro wins face-off versus Kyle Turris in Flyers zone.
8:31 of 3rd period - Mike Ribeiro is hit by Jason Pominville.
9:54 of 3rd period - Minor Penalty to Kyle Okposo for Hooking.
9:55 of 3rd period - Brian Gibbons wins face-off versus Jordan Staal in Flyers zone.
9:55 of 3rd period - Brian Gibbons is hit by Jordan Staal.
10:35 of 3rd period - Icing by Josh Gorges.
10:36 of 3rd period - Jordan Staal wins face-off versus Brian Gibbons in Sabres zone.
10:40 of 3rd period - Icing by Josh Gorges.
10:41 of 3rd period - Brian Gibbons wins face-off versus Jordan Staal in Sabres zone.
11:24 of 3rd period - Shot by Oliver Ekman-Larsson.
11:24 of 3rd period - Stopped by Frederik Andersen without a rebound.
11:25 of 3rd period - Daniel Sedin wins face-off versus Kyle Turris in Flyers zone.
11:35 of 3rd period - Icing by Oliver Ekman-Larsson.
11:36 of 3rd period - Kyle Turris wins face-off versus Daniel Sedin in Sabres zone.
11:43 of 3rd period - Shot by Oliver Ekman-Larsson.
11:43 of 3rd period - Stopped by Frederik Andersen with a rebound.
11:45 of 3rd period - Shot by Francois Beauchemin.
11:45 of 3rd period - Stopped by Frederik Andersen without a rebound.
11:46 of 3rd period - Jordan Staal wins face-off versus Daniel Sedin in Flyers zone.
12:14 of 3rd period - Shot by Mike Ribeiro.
12:14 of 3rd period - Shot Misses the Net.
12:19 of 3rd period - Icing by Brad Boyes.
12:20 of 3rd period - Tom Pyatt wins face-off versus Kyle Okposo in Sabres zone.
12:25 of 3rd period - Shot by Eric Gelinas.
12:25 of 3rd period - Stopped by Frederik Andersen with a rebound.
12:50 of 3rd period - Kyle Okposo is hit by Tom Pyatt.
14:24 of 3rd period - Minor Penalty to Nino Niederreiter for Tripping.
14:25 of 3rd period - Paul Gaustad wins face-off versus Kyle Okposo in Sabres zone.
14:40 of 3rd period - Shot by Daniel Sedin.
14:40 of 3rd period - Shot Misses the Net.
14:42 of 3rd period - Shot by Ryan Ellis.
14:42 of 3rd period - Deflect By Kyle Okposo.
14:42 of 3rd period - Stopped by Ondrej Pavelec without a rebound.
14:43 of 3rd period - Paul Gaustad wins face-off versus Mike Santorelli in Sabres zone.
15:11 of 3rd period - Icing by Mike Santorelli.
15:12 of 3rd period - Mike Ribeiro wins face-off versus Paul Gaustad in Flyers zone.
15:29 of 3rd period - Shot by Mike Ribeiro.
15:29 of 3rd period - Stopped by Ondrej Pavelec without a rebound.
15:30 of 3rd period - Paul Gaustad wins face-off versus Kyle Okposo in Sabres zone.
16:54 of 3rd period - Thomas Vanek is hit by Tom Gilbert and loses puck.
16:59 of 3rd period - Shot by Jason Pominville.
16:59 of 3rd period - Shot Blocked by Marek Zidlicky.
17:01 of 3rd period - Shot by Oliver Ekman-Larsson.
17:01 of 3rd period - Deflect By Thomas Vanek.
17:01 of 3rd period - Goal by Thomas Vanek - Sabres : 4 - Flyers : 0.
17:02 of 3rd period - Jordan Staal wins face-off versus Mike Ribeiro in neutral zone.
17:17 of 3rd period - Shot by Mike Santorelli.
17:17 of 3rd period - Shot Misses the Net.
17:19 of 3rd period - Shot by Mark Fistric.
17:19 of 3rd period - Shot Misses the Net.
17:21 of 3rd period - Shot by Kyle Brodziak.
17:21 of 3rd period - Shot Misses the Net.
17:27 of 3rd period - Shot by Kyle Brodziak.
17:27 of 3rd period - Stopped by Ondrej Pavelec without a rebound.
17:28 of 3rd period - Kyle Okposo wins face-off versus Paul Gaustad in Sabres zone.
17:36 of 3rd period - Off-side.
17:37 of 3rd period - Kyle Okposo wins face-off versus Kyle Turris in neutral zone.
18:17 of 3rd period - Shot by Jason Pominville.
18:17 of 3rd period - Stopped by Frederik Andersen without a rebound.
18:18 of 3rd period - Mike Ribeiro wins face-off versus Jordan Staal in Flyers zone.
18:51 of 3rd period - Shot by Mike Ribeiro.
18:51 of 3rd period - Shot Misses the Net.
18:53 of 3rd period - Shot by Tom Gilbert.
18:53 of 3rd period - Shot Blocked by Braydon Coburn.
18:55 of 3rd period - Shot by Mike Santorelli.
18:55 of 3rd period - Stopped by Ondrej Pavelec with a rebound.
18:59 of 3rd period - Shot by Kyle Brodziak.
18:59 of 3rd period - Shot Blocked by Josh Gorges.
19:01 of 3rd period - Shot by Mike Santorelli.
19:01 of 3rd period - Stopped by Ondrej Pavelec without a rebound.
19:02 of 3rd period - Kyle Turris wins face-off versus Brian Gibbons in Sabres zone.
19:02 of 3rd period - Kyle Turris is hit by Nathan Gerbe.
19:05 of 3rd period - Thomas Vanek is hit by Nathan Gerbe.
19:13 of 3rd period - Shot by Kyle Turris.
19:13 of 3rd period - Stopped by Frederik Andersen without a rebound.
19:14 of 3rd period - Paul Gaustad wins face-off versus Kyle Okposo in Flyers zone.
Goals for this period are 1 for Sabres vs 0 for Flyers.
Shots for this period are 17 for Sabres vs 7 for Flyers.


Output by the SimonT Hockey Simulator (STHS) for Stephane Roy -- Original Page W3C XHTML 1.0 Valid
Hockey Simulator - Hockey Simulation - Hockey Manager